Senators vs Eagles
Created - March 2, 2022 at 21:13
Goals
|
Senators |
0 |
2 |
1 |
3 |
Eagles |
1 |
1 |
0 |
2 |
|
Shots
|
Senators |
19 |
7 |
11 |
37 |
Eagles |
16 |
14 |
7 |
37 |
|
1st period
1. Eagles , Tomas Tatar 14 (Dmitrij Jaskin 16, Jonathan Marchessault 31) at 18:54 (PP)
Penalties :
Dylan Blujus (Bel) for Hooking (Minor) at 17:54
2nd period
2. Eagles , Tomas Tatar 15 (Stefan Elliott 31) at 6:49 (PP)
3. Senators , Vitaly Abramov 4 (Grant Besse 7, Kevin Rooney 9) at 7:05
4. Senators , Oliver Bjorkstrand 14 (Zemgus Girgensons 12) at 16:28
Penalties :
Zemgus Girgensons (Bel) for Tripping (Minor) at 0:45, Kevin Rooney (Bel) for High sticking (Minor) at 4:54, Jordan Schroeder (Bel) for High sticking (Minor) at 14:11, Zemgus Girgensons (Bel) for Hooking (Minor) at 18:54
3rd period
5. Senators , Joonas Lyytinen 1 (Grant Besse 8, Kevin Rooney 10) at 16:01
Penalties :
Drake Caggiula (Col) for Unsportsmanlike conduct (Minor) at 2:07, Tomas Tatar (Col) for Hooking (Minor) at 6:00
Goalie Stats
Sami Aittokallio (Bel), 35 saves from 37 shots - (0.946), W, 16-7-4, 60:00 minutes
Marek Mazanek (Col), 34 saves from 37 shots - (0.919), L, 19-6-2, 58:55 minutes
Players Stats for Senators
Player Name G A P +/- PIM S H SB GA TA FO MP PP MP PK MP
------------------------------------------------------------------------------------
Anthony Richard 0 0 0 0 0 0 0 0 0 0 0/0 1:55 0:03 1:33
Chandler Stephenson 0 0 0 0 0 1 0 0 0 0 2/4 5:28 0:00 0:30
Christoph Bertschy 0 0 0 0 0 2 2 0 0 0 19/34 22:44 2:18 5:00
Dmitry Sinitsyn 0 0 0 1 0 3 1 8 1 1 0/0 29:37 2:26 5:31
Dylan Blujus 0 0 0 0 2 4 0 0 0 0 0/0 19:50 1:32 3:21
Grant Besse 0 2 2 2 0 4 0 0 0 0 0/0 12:22 0:03 0:00
Jack Dougherty 0 0 0 2 0 1 1 1 0 0 0/0 10:32 0:00 0:00
Joonas Lyytinen 1 0 1 2 0 1 0 0 0 0 0/0 10:32 0:00 0:00
Jordan Schroeder 0 0 0 1 2 4 2 5 0 0 7/13 18:26 1:37 1:58
Keegan Lowe 0 0 0 1 0 3 3 2 1 0 0/0 26:17 2:26 5:31
Kevin Rooney 0 2 2 2 2 1 2 0 0 0 4/11 12:25 0:00 0:00
Mason Geertsen 0 0 0 0 0 0 0 0 0 0 0/0 3:20 0:00 0:00
Oliver Bjorkstrand 1 0 1 1 0 4 1 0 0 2 1/1 16:17 1:37 0:00
Scott Harrington 0 0 0 0 0 0 1 4 0 0 0/0 19:51 1:32 3:21
Tomas Jurco 0 0 0 0 0 4 0 0 0 0 0/0 17:04 2:18 0:00
Vitaly Abramov 1 0 1 2 0 2 0 0 0 0 0/0 14:12 0:03 1:38
William Bitten 0 0 0 0 0 0 1 0 0 0 0/1 4:46 0:00 0:00
Zachary Sanford 0 0 0 0 0 2 1 3 0 0 1/5 26:49 2:18 5:11
Zemgus Girgensons 0 1 1 1 4 1 2 2 0 1 0/1 18:36 1:37 1:54
Players Stats for Eagles
Player Name G A P +/- PIM S H SB GA TA FO MP PP MP PK MP
------------------------------------------------------------------------------------
Anthony Duclair 0 0 0 -3 0 6 2 0 0 0 0/0 12:18 0:00 1:03
Chris Calhan 0 0 0 0 0 2 2 0 1 0 0/0 7:12 0:24 0:00
Connor Carrick 0 0 0 -1 0 1 1 1 0 0 0/0 18:08 3:04 1:11
Dmitrij Jaskin 0 1 1 0 0 1 2 0 1 0 1/2 22:39 4:57 0:20
Drake Caggiula 0 0 0 0 2 0 0 1 0 0 5/10 16:01 3:27 0:49
Jared McCann 0 0 0 -3 0 2 1 0 0 0 7/14 11:41 0:00 0:26
John Ramage 0 0 0 -1 0 2 0 4 0 0 0/0 27:11 5:48 2:47
Jonathan Marchessault 0 1 1 0 0 5 1 0 0 0 16/32 24:40 4:57 2:22
Jonathan Racine 0 0 0 -1 0 1 1 0 0 0 0/0 10:59 0:00 0:00
Joseph Blandisi 0 0 0 0 0 3 2 0 1 0 0/0 15:22 3:27 0:10
Keaton Middleton 0 0 0 0 0 1 0 0 0 0 0/0 3:42 0:00 0:00
Mark Friedman 0 0 0 0 0 0 0 0 0 0 0/0 3:42 0:00 0:00
Matteson Iacopelli 0 0 0 -3 0 0 0 0 0 0 1/2 11:15 0:00 0:00
Max Lajoie 0 0 0 0 0 0 0 0 0 0 0/0 0:00 0:00 0:00
Michael Dal Colle 0 0 0 0 0 0 1 0 0 0 0/0 6:34 0:00 0:00
Nick Cousins 0 0 0 0 0 4 0 1 1 1 0/0 15:33 3:27 0:20
Pius Suter 0 0 0 0 0 0 0 0 0 0 1/1 1:05 0:00 1:05
Ryan Murphy 0 0 0 -1 0 0 1 0 0 1 0/0 18:08 3:04 1:11
Sam Steel 0 0 0 0 0 0 0 0 0 0 0/0 0:42 0:28 0:00
Stefan Elliott 0 1 1 -1 0 4 3 2 0 0 0/0 27:11 5:48 2:47
Tomas Tatar 2 0 2 0 2 3 2 1 0 0 4/8 23:42 5:01 1:21
Tyler Motte 0 0 0 0 0 0 0 0 0 0 0/0 0:42 0:28 0:00
Xavier Ouellet 0 0 0 -1 0 0 0 1 0 0 0/0 10:59 0:00 0:00
Zach Aston-Reese 0 0 0 0 0 2 0 0 0 0 1/1 6:34 0:00 0:00
3 Stars
1 - Tomas Tatar (Col)
2 - Sami Aittokallio (Bel)
3 - Vitaly Abramov (Bel)
Power Play
Senators - 0 on 2 Attempt(s) - 0.00%
Eagles - 2 on 5 Attempt(s) - 40.00%
Penalty Kill
Senators - 3 on 5 Attempt(s) - 60.00%
- Score 0 goal in Penalty Kill
Eagles - 2 on 2 Attempt(s) - 100.00%
- Score 0 goal in Penalty Kill
Team Stat
Senators - Hits : 17 - Faceoff Wins : 34 - Blocked Shots : 25 - Penalty Minutes : 10
Eagles - Hits : 19 - Faceoff Wins : 36 - Blocked Shots : 11 - Penalty Minutes : 4
Official
Referees : Francis Charron and Pierre Lambert
Linesman : Brandon Gawryletz and Travis Toomey
Game Notes
No Game Note
Finance
Level 1 -- Attendance: 1992 (99.60%) -- Ticket Income $69,720
Level 2 -- Attendance: 869 (86.90%) -- Ticket Income $13,035
Total Attendance: 2861 (95.37%)
Total Ticket Income: $82,755
Other Income: $4,138
Total Income: $86,893
Senators
5 vs 5 Forward
Center Left Wing Right Wing Time % Phy DF OF
1 Christoph Bertschy Zachary Sanford Tomas Jurco 40 1 2 2
2 Jordan Schroeder Zemgus Girgensons Oliver Bjorkstrand 30 1 2 2
3 Kevin Rooney Vitaly Abramov Grant Besse 20 1 2 2
4 Chandler Stephenson Zachary Sanford William Bitten 10 0 3 2
5 vs 5 Defense
Defense Defense Time % Phy DF OF
1 Dmitry Sinitsyn Keegan Lowe 40 1 3 1
2 Dylan Blujus Scott Harrington 30 1 3 1
3 Jack Dougherty Joonas Lyytinen 20 1 3 1
4 Mason Geertsen Dmitry Sinitsyn 10 1 3 1
PowerPlay Forward
Center Left Wing Right Wing Time % Phy DF OF
1 Christoph Bertschy Zachary Sanford Tomas Jurco 60 0 1 4
2 Jordan Schroeder Zemgus Girgensons Oliver Bjorkstrand 40 0 1 4
PowerPlay Defense
Defense Defense Time % Phy DF OF
1 Dmitry Sinitsyn Keegan Lowe 60 0 1 4
2 Dylan Blujus Scott Harrington 40 0 1 4
Penalty Kill 4 Players Forward
Center Wing Time % Phy DF OF
1 Christoph Bertschy Zachary Sanford 60 1 4 0
2 Jordan Schroeder Zemgus Girgensons 40 1 4 0
Penalty Kill 4 Players Defense
Defense Defense Time % Phy DF OF
1 Dmitry Sinitsyn Keegan Lowe 60 1 4 0
2 Dylan Blujus Scott Harrington 40 1 4 0
Penalty Kill - 3 Players Forward
Forward Time % Phy DF OF
1 Christoph Bertschy 60 1 4 0
2 Jordan Schroeder 40 1 4 0
Penalty Kill - 3 Players Defense
Defense Defense Time % Phy DF OF
1 Dmitry Sinitsyn Keegan Lowe 60 1 4 0
2 Dylan Blujus Scott Harrington 40 1 4 0
4 vs 4 Forward
Center Wing Time % Phy DF OF
1 Christoph Bertschy Zachary Sanford 60 0 2 3
2 Jordan Schroeder Zemgus Girgensons 40 0 2 3
4 vs 4 Defense
Defense Defense Time % Phy DF OF
1 Dmitry Sinitsyn Keegan Lowe 60 1 2 2
2 Dylan Blujus Scott Harrington 40 1 2 2
Last Minutes Offensive
Center Left Wing Right Wing Defense Defense
Christoph Bertschy Zachary Sanford Tomas Jurco Dmitry Sinitsyn Keegan Lowe
Last Minutes Defensive
Center Left Wing Right Wing Defense Defense
Christoph Bertschy Zachary Sanford Tomas Jurco Dmitry Sinitsyn Keegan Lowe
Goaltenders
Starting : Sami Aittokallio
Backup : Scott Wedgewood
Extra Forwards
Normal : Christoph Bertschy, Jordan Schroeder, Kevin Rooney - PP : Christoph Bertschy, Jordan Schroeder - PK : Christoph Bertschy
Extra Defensemen
Normal : Jack Dougherty, Joonas Lyytinen, Mason Geertsen - PP : Jack Dougherty - PK : Jack Dougherty, Joonas Lyytinen
Penalty Shots
Tomas Jurco, Oliver Bjorkstrand, Zachary Sanford, Zemgus Girgensons, Christoph Bertschy
Scratches
Adam Ollas-Mattsson (Healthy), Anthony Bitetto (Healthy), Gustav Forsling (Healthy), Jake Evans (Healthy), Jonas Siegenthaler (Healthy)
Arttu Ruotsalainen (Healthy), Cliff Pu (Healthy), Keven Bouchard (Healthy)
Eagles
5 vs 5 Forward
Center Left Wing Right Wing Time % Phy DF OF
1 Jonathan Marchessault Tomas Tatar Dmitrij Jaskin 40 1 2 2
2 Drake Caggiula Joseph Blandisi Nick Cousins 30 1 2 2
3 Jared McCann Anthony Duclair Matteson Iacopelli 20 1 2 2
4 Zach Aston-Reese Michael Dal Colle Chris Calhan 10 1 2 2
5 vs 5 Defense
Defense Defense Time % Phy DF OF
1 Stefan Elliott John Ramage 40 1 2 2
2 Ryan Murphy Connor Carrick 30 1 2 2
3 Xavier Ouellet Jonathan Racine 20 1 2 2
4 Mark Friedman Keaton Middleton 10 1 2 2
PowerPlay Forward
Center Left Wing Right Wing Time % Phy DF OF
1 Jonathan Marchessault Tomas Tatar Dmitrij Jaskin 60 1 2 2
2 Drake Caggiula Joseph Blandisi Nick Cousins 40 1 2 2
PowerPlay Defense
Defense Defense Time % Phy DF OF
1 Stefan Elliott John Ramage 60 1 2 2
2 Ryan Murphy Connor Carrick 40 1 2 2
Penalty Kill 4 Players Forward
Center Wing Time % Phy DF OF
1 Tomas Tatar Jonathan Marchessault 60 1 2 2
2 Dmitrij Jaskin Nick Cousins 40 1 2 2
Penalty Kill 4 Players Defense
Defense Defense Time % Phy DF OF
1 Stefan Elliott John Ramage 60 1 2 2
2 Ryan Murphy Connor Carrick 40 1 2 2
Penalty Kill - 3 Players Forward
Forward Time % Phy DF OF
1 Tomas Tatar 60 1 2 2
2 Jonathan Marchessault 40 1 2 2
Penalty Kill - 3 Players Defense
Defense Defense Time % Phy DF OF
1 Stefan Elliott John Ramage 60 1 2 2
2 Ryan Murphy Connor Carrick 40 1 2 2
4 vs 4 Forward
Center Wing Time % Phy DF OF
1 Tomas Tatar Jonathan Marchessault 60 1 2 2
2 Dmitrij Jaskin Nick Cousins 40 1 2 2
4 vs 4 Defense
Defense Defense Time % Phy DF OF
1 Stefan Elliott John Ramage 60 1 2 2
2 Ryan Murphy Connor Carrick 40 1 2 2
Last Minutes Offensive
Center Left Wing Right Wing Defense Defense
Jonathan Marchessault Tomas Tatar Dmitrij Jaskin Stefan Elliott John Ramage
Last Minutes Defensive
Center Left Wing Right Wing Defense Defense
Jonathan Marchessault Tomas Tatar Dmitrij Jaskin Stefan Elliott John Ramage
Goaltenders
Starting : Marek Mazanek
Backup : Antoine Bibeau
Extra Forwards
Normal : Tyler Motte, Sam Steel, Pius Suter - PP : Tyler Motte, Sam Steel - PK : Pius Suter
Extra Defensemen
Normal : Max Lajoie, Xavier Ouellet, Jonathan Racine - PP : Max Lajoie - PK : Xavier Ouellet, Jonathan Racine
Penalty Shots
Tomas Tatar, Jonathan Marchessault, Dmitrij Jaskin, Nick Cousins, Drake Caggiula
Scratches
Daniel Carr (Dislocated Patella Injury), Dominik Kubalik (Healthy), Pascal Laberge (Healthy), Adin Hill (Healthy)
% Time on Ice - Senators
Lines # - Real PCT - Wanted PCT - Time Play
Normal Forward
1 - 32% - 40% - 14:47
2 - 32% - 30% - 14:40
3 - 26% - 20% - 12:00
4 - 10% - 10% - 4:46
Normal Defense
1 - 38% - 40% - 17:40
2 - 32% - 30% - 14:41
3 - 23% - 20% - 10:32
4 - 7% - 10% - 3:20
PP Forward
1 - 59% - 60% - 2:21
2 - 41% - 40% - 1:37
PP Defense
1 - 61% - 60% - 2:26
2 - 39% - 40% - 1:32
PK Forward
1 - 73% - 60% - 6:27
2 - 27% - 40% - 2:25
PK Defense
1 - 62% - 60% - 5:31
2 - 38% - 40% - 3:21
PK3 Forward
1 - 0% - 60%
2 - 0% - 40%
PK3 Defense
1 - 0% - 60%
2 - 0% - 40%
44 Forward
1 - 0% - 60%
2 - 0% - 40%
44 Defense
1 - 0% - 60%
2 - 0% - 40%
Last Minute Offensive - 0:00
Last Minute Defensive - 0:57
Total
Forward - 60:00
Defense - 60:00
|
% Time on Ice - Eagles
Lines # - Real PCT - Wanted PCT - Time Play
Normal Forward
1 - 36% - 40% - 16:22
2 - 26% - 30% - 11:46
3 - 24% - 20% - 11:15
4 - 14% - 10% - 6:34
Normal Defense
1 - 39% - 40% - 17:56
2 - 30% - 30% - 13:53
3 - 23% - 20% - 10:26
4 - 8% - 10% - 3:42
PP Forward
1 - 61% - 60% - 5:25
2 - 39% - 40% - 3:27
PP Defense
1 - 65% - 60% - 5:48
2 - 35% - 40% - 3:04
PK Forward
1 - 92% - 60% - 3:38
2 - 8% - 40% - 0:20
PK Defense
1 - 70% - 60% - 2:47
2 - 30% - 40% - 1:11
PK3 Forward
1 - 0% - 60%
2 - 0% - 40%
PK3 Defense
1 - 0% - 60%
2 - 0% - 40%
44 Forward
1 - 0% - 60%
2 - 0% - 40%
44 Defense
1 - 0% - 60%
2 - 0% - 40%
Last Minute Offensive - 1:13
Last Minute Defensive - 0:00
Total
Forward - 60:00
Defense - 60:00
|
Play-by-Play
1st period
0:01 of 1st period - Christoph Bertschy wins face-off versus Jonathan Marchessault in neutral zone.
0:37 of 1st period - Wrist shot by Joseph Blandisi.
0:37 of 1st period - Deflect By Drake Caggiula.
0:37 of 1st period - Shot Blocked by Jordan Schroeder.
0:37 of 1st period - Puck is out of play.
0:38 of 1st period - Jared McCann wins face-off versus Kevin Rooney in Senators zone.
0:41 of 1st period - Wrist shot by Anthony Duclair.
0:41 of 1st period - Stopped by Sami Aittokallio without a rebound.
0:42 of 1st period - Kevin Rooney wins face-off versus Jared McCann in Senators zone.
0:49 of 1st period - Slapshot by Vitaly Abramov.
0:49 of 1st period - Shot Misses the Net.
2:06 of 1st period - Snap shot by Kevin Rooney.
2:06 of 1st period - Shot Misses the Net.
2:50 of 1st period - Zachary Sanford is hit by Chris Calhan and loses puck.
2:56 of 1st period - Off-side.
2:57 of 1st period - Jordan Schroeder wins face-off versus Drake Caggiula in neutral zone.
3:02 of 1st period - Wrist shot by Zemgus Girgensons.
3:02 of 1st period - Stopped by Marek Mazanek without a rebound.
3:03 of 1st period - Jordan Schroeder wins face-off versus Drake Caggiula in Eagles zone.
3:04 of 1st period - Snap shot by Oliver Bjorkstrand.
3:04 of 1st period - Stopped by Marek Mazanek without a rebound.
3:05 of 1st period - Drake Caggiula wins face-off versus Zemgus Girgensons in Eagles zone.
3:17 of 1st period - Snap shot by Joseph Blandisi.
3:17 of 1st period - Stopped by Sami Aittokallio with a rebound.
3:19 of 1st period - Snap shot by Stefan Elliott.
3:19 of 1st period - Shot Blocked by Dmitry Sinitsyn.
3:21 of 1st period - Wrist shot by Nick Cousins.
3:21 of 1st period - Shot Blocked by Jordan Schroeder.
3:23 of 1st period - Slapshot by John Ramage.
3:23 of 1st period - Shot Misses the Net.
3:47 of 1st period - Snap shot by Oliver Bjorkstrand.
3:47 of 1st period - Stopped by Marek Mazanek with a rebound.
3:59 of 1st period - Slapshot by Stefan Elliott.
3:59 of 1st period - Stopped by Sami Aittokallio without a rebound.
4:00 of 1st period - Tomas Tatar wins face-off versus Christoph Bertschy in Senators zone.
4:03 of 1st period - Wrist shot by Tomas Tatar.
4:03 of 1st period - Shot Blocked by Scott Harrington.
4:27 of 1st period - Anthony Duclair is hit by Scott Harrington and loses puck.
4:32 of 1st period - Snap shot by Kevin Rooney.
4:32 of 1st period - Deflect By Grant Besse.
4:32 of 1st period - Stopped by Marek Mazanek with a rebound.
4:35 of 1st period - Icing by Keaton Middleton.
4:36 of 1st period - Christoph Bertschy wins face-off versus Jared McCann in Eagles zone.
4:37 of 1st period - Snap shot by Zachary Sanford.
4:37 of 1st period - Deflect By Christoph Bertschy.
4:37 of 1st period - Stopped by Marek Mazanek without a rebound.
4:38 of 1st period - Jonathan Marchessault wins face-off versus Zachary Sanford in Eagles zone.
4:43 of 1st period - Snap shot by Jonathan Marchessault.
4:43 of 1st period - Shot Misses the Net.
4:53 of 1st period - Snap shot by Zachary Sanford.
4:53 of 1st period - Shot Blocked by Tomas Tatar.
5:10 of 1st period - Snap shot by Kevin Rooney.
5:10 of 1st period - Shot Misses the Net.
5:26 of 1st period - Snap shot by Zach Aston-Reese.
5:26 of 1st period - Stopped by Sami Aittokallio with a rebound.
5:47 of 1st period - John Ramage is hit by Keegan Lowe and loses puck.
5:56 of 1st period - Wrist shot by Tomas Jurco.
5:56 of 1st period - Stopped by Marek Mazanek with a rebound.
6:20 of 1st period - Snap shot by Jonathan Marchessault.
6:20 of 1st period - Shot Misses the Net.
7:06 of 1st period - Wrist shot by Kevin Rooney.
7:06 of 1st period - Shot Misses the Net.
7:25 of 1st period - Off-side.
7:26 of 1st period - Jonathan Marchessault wins face-off versus Jordan Schroeder in neutral zone.
8:28 of 1st period - Backhand shot by Tomas Jurco.
8:28 of 1st period - Stopped by Marek Mazanek without a rebound.
8:29 of 1st period - Jonathan Marchessault wins face-off versus Zachary Sanford in Eagles zone.
8:59 of 1st period - Snap shot by Zemgus Girgensons.
8:59 of 1st period - Deflect By Jordan Schroeder.
8:59 of 1st period - Stopped by Marek Mazanek without a rebound.
9:00 of 1st period - Matteson Iacopelli wins face-off versus Jordan Schroeder in Eagles zone.
9:00 of 1st period - Matteson Iacopelli is hit by Oliver Bjorkstrand.
9:34 of 1st period - Snap shot by Zachary Sanford.
9:34 of 1st period - Stopped by Marek Mazanek without a rebound.
9:35 of 1st period - Christoph Bertschy wins face-off versus Dmitrij Jaskin in Eagles zone.
10:54 of 1st period - Wrist shot by Michael Dal Colle.
10:54 of 1st period - Deflect By Chris Calhan.
10:54 of 1st period - Stopped by Sami Aittokallio with a rebound.
10:56 of 1st period - Wrist shot by Chris Calhan.
10:56 of 1st period - Stopped by Sami Aittokallio with a rebound.
11:40 of 1st period - Slapshot by Anthony Duclair.
11:40 of 1st period - Shot Misses the Net.
11:42 of 1st period - Slapshot by Connor Carrick.
11:42 of 1st period - Shot Blocked by Zemgus Girgensons.
11:44 of 1st period - Wrist shot by Jared McCann.
11:44 of 1st period - Shot Blocked by Scott Harrington.
11:46 of 1st period - Snap shot by Connor Carrick.
11:46 of 1st period - Shot Misses the Net.
11:50 of 1st period - Snap shot by Anthony Duclair.
11:50 of 1st period - Stopped by Sami Aittokallio without a rebound.
11:51 of 1st period - Christoph Bertschy wins face-off versus Tomas Tatar in Senators zone.
11:56 of 1st period - Wrist shot by Christoph Bertschy.
11:56 of 1st period - Stopped by Marek Mazanek without a rebound.
11:57 of 1st period - Jonathan Marchessault wins face-off versus Christoph Bertschy in Eagles zone.
12:06 of 1st period - Wrist shot by Tomas Jurco.
12:06 of 1st period - Shot Misses the Net.
12:14 of 1st period - Slapshot by Jonathan Marchessault.
12:14 of 1st period - Stopped by Sami Aittokallio with a rebound.
12:26 of 1st period - Wrist shot by Nick Cousins.
12:26 of 1st period - Stopped by Sami Aittokallio with a rebound.
12:46 of 1st period - Wrist shot by Vitaly Abramov.
12:46 of 1st period - Stopped by Marek Mazanek with a rebound.
12:48 of 1st period - Snap shot by Kevin Rooney.
12:48 of 1st period - Shot Blocked by Xavier Ouellet.
12:50 of 1st period - Slapshot by Dmitry Sinitsyn.
12:50 of 1st period - Stopped by Marek Mazanek without a rebound.
12:51 of 1st period - Zachary Sanford wins face-off versus Jonathan Marchessault in Eagles zone.
12:54 of 1st period - Slapshot by Zachary Sanford.
12:54 of 1st period - Deflect By Tomas Jurco.
12:54 of 1st period - Stopped by Marek Mazanek without a rebound.
12:55 of 1st period - Jonathan Marchessault wins face-off versus Christoph Bertschy in Eagles zone.
13:23 of 1st period - Icing by Dylan Blujus.
13:24 of 1st period - Jordan Schroeder wins face-off versus Drake Caggiula in Senators zone.
13:24 of 1st period - Jordan Schroeder is hit by Joseph Blandisi.
13:32 of 1st period - Wrist shot by Oliver Bjorkstrand.
13:32 of 1st period - Shot Blocked by Nick Cousins.
13:34 of 1st period - Wrist shot by Dylan Blujus.
13:34 of 1st period - Shot Blocked by John Ramage.
13:36 of 1st period - Slapshot by Dylan Blujus.
13:36 of 1st period - Stopped by Marek Mazanek with a rebound.
13:38 of 1st period - Slapshot by Dylan Blujus.
13:38 of 1st period - Shot Blocked by John Ramage.
13:40 of 1st period - Slapshot by Scott Harrington.
13:40 of 1st period - Shot Blocked by Drake Caggiula.
13:42 of 1st period - Wrist shot by Jordan Schroeder.
13:42 of 1st period - Deflect By Stefan Elliott.
13:42 of 1st period - Stopped by Marek Mazanek with a rebound.
13:44 of 1st period - Slapshot by Oliver Bjorkstrand.
13:44 of 1st period - Stopped by Marek Mazanek with a rebound.
13:46 of 1st period - Wrist shot by Jordan Schroeder.
13:46 of 1st period - Stopped by Marek Mazanek without a rebound.
13:47 of 1st period - Jonathan Marchessault wins face-off versus Christoph Bertschy in Eagles zone.
14:37 of 1st period - Slapshot by Nick Cousins.
14:37 of 1st period - Shot Misses the Net.
15:16 of 1st period - Wrist shot by Tomas Tatar.
15:16 of 1st period - Shot Blocked by Scott Harrington.
15:18 of 1st period - Slapshot by Dmitrij Jaskin.
15:18 of 1st period - Shot Misses the Net.
15:20 of 1st period - Slapshot by John Ramage.
15:20 of 1st period - Stopped by Sami Aittokallio with a rebound.
15:22 of 1st period - Backhand shot by John Ramage.
15:22 of 1st period - Shot Misses the Net.
15:48 of 1st period - Wrist shot by Grant Besse.
15:48 of 1st period - Stopped by Marek Mazanek with a rebound.
16:17 of 1st period - Icing by Oliver Bjorkstrand.
16:18 of 1st period - Jared McCann wins face-off versus Chandler Stephenson in Senators zone.
16:27 of 1st period - Wrist shot by Jared McCann.
16:27 of 1st period - Deflect By Dmitry Sinitsyn.
16:27 of 1st period - Stopped by Sami Aittokallio with a rebound.
16:29 of 1st period - Slapshot by Jared McCann.
16:29 of 1st period - Shot Misses the Net.
16:31 of 1st period - Snap shot by Jared McCann.
16:31 of 1st period - Shot Blocked by Dmitry Sinitsyn.
16:33 of 1st period - Backhand shot by Ryan Murphy.
16:33 of 1st period - Shot Blocked by Keegan Lowe.
17:07 of 1st period - Snap shot by Joseph Blandisi.
17:07 of 1st period - Stopped by Sami Aittokallio without a rebound.
17:08 of 1st period - Drake Caggiula wins face-off versus Jordan Schroeder in Senators zone.
17:19 of 1st period - Snap shot by Nick Cousins.
17:19 of 1st period - Stopped by Sami Aittokallio with a rebound.
17:21 of 1st period - Snap shot by Joseph Blandisi.
17:21 of 1st period - Shot Misses the Net.
17:23 of 1st period - Snap shot by Drake Caggiula.
17:23 of 1st period - Shot Misses the Net.
17:31 of 1st period - Slapshot by Joseph Blandisi.
17:31 of 1st period - Shot Blocked by Jordan Schroeder.
17:33 of 1st period - Snap shot by Drake Caggiula.
17:33 of 1st period - Shot Misses the Net.
17:35 of 1st period - Slapshot by Keaton Middleton.
17:35 of 1st period - Stopped by Sami Aittokallio with a rebound.
17:37 of 1st period - Wrist shot by Nick Cousins.
17:37 of 1st period - Shot Blocked by Jack Dougherty.
17:39 of 1st period - Snap shot by Nick Cousins.
17:39 of 1st period - Shot Blocked by Zemgus Girgensons.
17:47 of 1st period - Snap shot by Nick Cousins.
17:47 of 1st period - Stopped by Sami Aittokallio without a rebound.
17:48 of 1st period - Tomas Tatar wins face-off versus Christoph Bertschy in Senators zone.
17:54 of 1st period - Minor Penalty to Dylan Blujus for Hooking.
17:55 of 1st period - Jonathan Marchessault wins face-off versus Christoph Bertschy in Senators zone.
17:55 of 1st period - Backhand shot by Tomas Tatar.
17:55 of 1st period - Shot Blocked by Dmitry Sinitsyn.
18:19 of 1st period - Keegan Lowe is hit by Tomas Tatar and loses puck.
18:42 of 1st period - Snap shot by Jonathan Marchessault.
18:42 of 1st period - Shot Blocked by Dmitry Sinitsyn.
18:50 of 1st period - Wrist shot by Jonathan Marchessault.
18:50 of 1st period - Shot Blocked by Dmitry Sinitsyn.
18:52 of 1st period - Snap shot by Dmitrij Jaskin.
18:52 of 1st period - Shot Misses the Net.
18:54 of 1st period - Wrist shot by Tomas Tatar.
18:54 of 1st period - Goal by Tomas Tatar - Senators : 0 - Eagles : 1.
18:55 of 1st period - Kevin Rooney wins face-off versus Jared McCann in neutral zone.
19:00 of 1st period - Slapshot by Grant Besse.
19:00 of 1st period - Stopped by Marek Mazanek without a rebound.
19:01 of 1st period - Jared McCann wins face-off versus Kevin Rooney in Eagles zone.
19:01 of 1st period - Jared McCann is hit by Kevin Rooney.
19:09 of 1st period - Dylan Blujus is hit by Ryan Murphy and loses puck.
Goals for this period are 0 for Senators vs 1 for Eagles.
Shots for this period are 19 for Senators vs 16 for Eagles.
2nd period
0:01 of 2nd period - Christoph Bertschy wins face-off versus Jonathan Marchessault in neutral zone.
0:31 of 2nd period - Backhand shot by Jordan Schroeder.
0:31 of 2nd period - Shot Blocked by Stefan Elliott.
0:45 of 2nd period - Minor Penalty to Zemgus Girgensons for Tripping.
0:46 of 2nd period - Christoph Bertschy wins face-off versus Jonathan Marchessault in Senators zone.
1:45 of 2nd period - Drake Caggiula is hit by Jordan Schroeder and loses puck.
2:45 of 2nd period - Penalty to Zemgus Girgensons is over, Zemgus Girgensons is back on ice.
3:05 of 2nd period - Snap shot by Anthony Duclair.
3:05 of 2nd period - Stopped by Sami Aittokallio without a rebound.
3:06 of 2nd period - Chandler Stephenson wins face-off versus Jared McCann in Senators zone.
4:17 of 2nd period - Kevin Rooney is hit by Connor Carrick and loses puck.
4:36 of 2nd period - Zach Aston-Reese is hit by Dmitry Sinitsyn and loses puck.
4:54 of 2nd period - Minor Penalty to Kevin Rooney for High sticking.
4:55 of 2nd period - Jonathan Marchessault wins face-off versus Christoph Bertschy in Senators zone.
6:28 of 2nd period - Stefan Elliott is hit by Keegan Lowe and loses puck.
6:49 of 2nd period - Backhand shot by Tomas Tatar.
6:49 of 2nd period - Goal by Tomas Tatar - Senators : 0 - Eagles : 2.
6:50 of 2nd period - Kevin Rooney wins face-off versus Jared McCann in neutral zone.
7:01 of 2nd period - Wrist shot by Grant Besse.
7:01 of 2nd period - Shot Blocked by Connor Carrick.
7:03 of 2nd period - Wrist shot by Grant Besse.
7:03 of 2nd period - Stopped by Marek Mazanek with a rebound.
7:05 of 2nd period - Wrist shot by Vitaly Abramov.
7:05 of 2nd period - Goal by Vitaly Abramov - Senators : 1 - Eagles : 2.
7:06 of 2nd period - Jonathan Marchessault wins face-off versus Christoph Bertschy in neutral zone.
7:09 of 2nd period - Tomas Jurco is hit by Tomas Tatar and loses puck.
7:22 of 2nd period - Slapshot by Keegan Lowe.
7:22 of 2nd period - Stopped by Marek Mazanek without a rebound.
7:23 of 2nd period - Jordan Schroeder wins face-off versus Drake Caggiula in Eagles zone.
7:30 of 2nd period - Wrist shot by Joseph Blandisi.
7:30 of 2nd period - Shot Misses the Net.
7:32 of 2nd period - Slapshot by Stefan Elliott.
7:32 of 2nd period - Deflect By Oliver Bjorkstrand.
7:32 of 2nd period - Stopped by Sami Aittokallio with a rebound.
7:34 of 2nd period - Slapshot by John Ramage.
7:34 of 2nd period - Stopped by Sami Aittokallio without a rebound.
7:35 of 2nd period - Jonathan Marchessault wins face-off versus Christoph Bertschy in Senators zone.
7:46 of 2nd period - Snap shot by Dmitrij Jaskin.
7:46 of 2nd period - Stopped by Sami Aittokallio without a rebound.
7:47 of 2nd period - Christoph Bertschy wins face-off versus Tomas Tatar in Senators zone.
8:24 of 2nd period - Snap shot by Nick Cousins.
8:24 of 2nd period - Stopped by Sami Aittokallio with a rebound.
8:26 of 2nd period - Slapshot by Joseph Blandisi.
8:26 of 2nd period - Stopped by Sami Aittokallio with a rebound.
8:28 of 2nd period - Slapshot by Joseph Blandisi.
8:28 of 2nd period - Shot Misses the Net.
8:30 of 2nd period - Slapshot by Joseph Blandisi.
8:30 of 2nd period - Shot Misses the Net.
8:45 of 2nd period - Off-side.
8:46 of 2nd period - Jonathan Marchessault wins face-off versus Christoph Bertschy in neutral zone.
8:49 of 2nd period - Dylan Blujus is hit by Jonathan Marchessault and loses puck.
9:19 of 2nd period - Zemgus Girgensons is hit by Stefan Elliott.
9:41 of 2nd period - Slapshot by Grant Besse.
9:41 of 2nd period - Shot Misses the Net.
9:47 of 2nd period - Jonathan Racine is hit by Kevin Rooney and loses puck.
9:56 of 2nd period - Snap shot by Kevin Rooney.
9:56 of 2nd period - Shot Misses the Net.
10:02 of 2nd period - Snap shot by Zach Aston-Reese.
10:02 of 2nd period - Stopped by Sami Aittokallio with a rebound.
10:04 of 2nd period - Slapshot by Jonathan Racine.
10:04 of 2nd period - Shot Misses the Net.
10:18 of 2nd period - Snap shot by Chris Calhan.
10:18 of 2nd period - Shot Misses the Net.
10:20 of 2nd period - Slapshot by Jonathan Racine.
10:20 of 2nd period - Stopped by Sami Aittokallio without a rebound.
10:21 of 2nd period - Christoph Bertschy wins face-off versus Jonathan Marchessault in Senators zone.
10:36 of 2nd period - Slapshot by Tomas Jurco.
10:36 of 2nd period - Stopped by Marek Mazanek with a rebound.
11:09 of 2nd period - Jared McCann is hit by Zachary Sanford and loses puck.
11:36 of 2nd period - Wrist shot by Dmitrij Jaskin.
11:36 of 2nd period - Shot Blocked by Jordan Schroeder.
12:02 of 2nd period - Icing by Joonas Lyytinen.
12:03 of 2nd period - Jonathan Marchessault wins face-off versus Kevin Rooney in Senators zone.
12:49 of 2nd period - Slapshot by Jordan Schroeder.
12:49 of 2nd period - Deflect By Stefan Elliott.
12:49 of 2nd period - Shot Blocked by John Ramage.
12:49 of 2nd period - Puck is out of play.
12:50 of 2nd period - Christoph Bertschy wins face-off versus Jonathan Marchessault in Eagles zone.
12:57 of 2nd period - Wrist shot by Jonathan Marchessault.
12:57 of 2nd period - Stopped by Sami Aittokallio without a rebound.
12:58 of 2nd period - Christoph Bertschy wins face-off versus Jonathan Marchessault in Senators zone.
14:00 of 2nd period - Snap shot by Jonathan Marchessault.
14:00 of 2nd period - Shot Blocked by Zachary Sanford.
14:02 of 2nd period - Slapshot by Connor Carrick.
14:02 of 2nd period - Deflect By Dmitrij Jaskin.
14:02 of 2nd period - Shot Blocked by Dmitry Sinitsyn.
14:02 of 2nd period - Puck is out of play.
14:03 of 2nd period - Drake Caggiula wins face-off versus Jordan Schroeder in Senators zone.
14:11 of 2nd period - Minor Penalty to Jordan Schroeder for High sticking.
14:12 of 2nd period - Drake Caggiula wins face-off versus Christoph Bertschy in Senators zone.
14:18 of 2nd period - Snap shot by Drake Caggiula.
14:18 of 2nd period - Shot Misses the Net.
16:08 of 2nd period - Slapshot by Stefan Elliott.
16:08 of 2nd period - Shot Blocked by Keegan Lowe.
16:11 of 2nd period - Penalty to Jordan Schroeder is over, Jordan Schroeder is back on ice.
16:18 of 2nd period - Slapshot by Jared McCann.
16:18 of 2nd period - Stopped by Sami Aittokallio with a rebound.
16:22 of 2nd period - Snap shot by Anthony Duclair.
16:22 of 2nd period - Stopped by Sami Aittokallio without a rebound.
16:23 of 2nd period - Oliver Bjorkstrand wins face-off versus Matteson Iacopelli in Senators zone.
16:28 of 2nd period - Snap shot by Oliver Bjorkstrand.
16:28 of 2nd period - Goal by Oliver Bjorkstrand - Senators : 2 - Eagles : 2.
16:29 of 2nd period - Christoph Bertschy wins face-off versus Jonathan Marchessault in neutral zone.
16:46 of 2nd period - Wrist shot by Jonathan Marchessault.
16:46 of 2nd period - Shot Blocked by Dmitry Sinitsyn.
16:56 of 2nd period - Nick Cousins is hit by Keegan Lowe.
17:22 of 2nd period - Vitaly Abramov is hit by Jared McCann and loses puck.
17:27 of 2nd period - Slapshot by Connor Carrick.
17:27 of 2nd period - Stopped by Sami Aittokallio without a rebound.
17:28 of 2nd period - Dmitrij Jaskin wins face-off versus Christoph Bertschy in Senators zone.
17:39 of 2nd period - Backhand shot by Jonathan Marchessault.
17:39 of 2nd period - Stopped by Sami Aittokallio with a rebound.
17:41 of 2nd period - Slapshot by Dmitrij Jaskin.
17:41 of 2nd period - Deflect By Jonathan Marchessault.
17:41 of 2nd period - Shot Misses the Net.
17:41 of 2nd period - Puck is out of play.
17:42 of 2nd period - Christoph Bertschy wins face-off versus Jonathan Marchessault in Senators zone.
18:40 of 2nd period - Wrist shot by Christoph Bertschy.
18:40 of 2nd period - Shot Blocked by John Ramage.
18:42 of 2nd period - Slapshot by Tomas Jurco.
18:42 of 2nd period - Shot Misses the Net.
18:44 of 2nd period - Slapshot by Dylan Blujus.
18:44 of 2nd period - Stopped by Marek Mazanek with a rebound.
18:46 of 2nd period - Wrist shot by Dylan Blujus.
18:46 of 2nd period - Stopped by Marek Mazanek without a rebound.
18:47 of 2nd period - Jonathan Marchessault wins face-off versus Jordan Schroeder in Eagles zone.
18:51 of 2nd period - Off-side.
18:52 of 2nd period - Jordan Schroeder wins face-off versus Jonathan Marchessault in neutral zone.
18:54 of 2nd period - Minor Penalty to Zemgus Girgensons for Hooking.
18:55 of 2nd period - Christoph Bertschy wins face-off versus Jonathan Marchessault in Senators zone.
19:31 of 2nd period - Wrist shot by Stefan Elliott.
19:31 of 2nd period - Shot Misses the Net.
Goals for this period are 2 for Senators vs 1 for Eagles.
Shots for this period are 7 for Senators vs 14 for Eagles.
3rd period
0:01 of 3rd period - Christoph Bertschy wins face-off versus Jonathan Marchessault in neutral zone.
0:30 of 3rd period - Off-side.
0:31 of 3rd period - Jordan Schroeder wins face-off versus Drake Caggiula in neutral zone.
0:47 of 3rd period - Slapshot by Ryan Murphy.
0:47 of 3rd period - Deflect By Nick Cousins.
0:47 of 3rd period - Shot Blocked by Zachary Sanford.
0:47 of 3rd period - Puck is out of play.
0:48 of 3rd period - Christoph Bertschy wins face-off versus Jonathan Marchessault in Senators zone.
0:54 of 3rd period - Penalty to Zemgus Girgensons is over, Zemgus Girgensons is back on ice.
1:05 of 3rd period - Snap shot by Jonathan Marchessault.
1:05 of 3rd period - Stopped by Sami Aittokallio with a rebound.
1:19 of 3rd period - Slapshot by Anthony Duclair.
1:19 of 3rd period - Stopped by Sami Aittokallio without a rebound.
1:20 of 3rd period - Jared McCann wins face-off versus Kevin Rooney in Senators zone.
1:29 of 3rd period - Slapshot by Anthony Duclair.
1:29 of 3rd period - Stopped by Sami Aittokallio with a rebound.
2:07 of 3rd period - Minor Penalty to Drake Caggiula for Unsportsmanlike conduct.
2:08 of 3rd period - Tomas Tatar wins face-off versus Christoph Bertschy in Eagles zone.
2:18 of 3rd period - Snap shot by Keegan Lowe.
2:18 of 3rd period - Stopped by Marek Mazanek without a rebound.
2:19 of 3rd period - Tomas Tatar wins face-off versus Zachary Sanford in Eagles zone.
2:30 of 3rd period - Wrist shot by Dmitry Sinitsyn.
2:30 of 3rd period - Shot Misses the Net.
2:32 of 3rd period - Snap shot by Zachary Sanford.
2:32 of 3rd period - Stopped by Marek Mazanek without a rebound.
2:33 of 3rd period - Christoph Bertschy wins face-off versus Tomas Tatar in Eagles zone.
3:10 of 3rd period - Ryan Murphy is hit by Zemgus Girgensons and loses puck.
4:07 of 3rd period - Penalty to Drake Caggiula is over, Drake Caggiula is back on ice.
4:30 of 3rd period - Icing by Ryan Murphy.
4:31 of 3rd period - Zach Aston-Reese wins face-off versus William Bitten in Eagles zone.
4:36 of 3rd period - Zachary Sanford is hit by Joseph Blandisi and loses puck.
5:32 of 3rd period - Connor Carrick is hit by Christoph Bertschy.
5:36 of 3rd period - Wrist shot by Zachary Sanford.
5:36 of 3rd period - Shot Misses the Net.
5:53 of 3rd period - Jack Dougherty is hit by Stefan Elliott and loses puck.
5:56 of 3rd period - Slapshot by Jack Dougherty.
5:56 of 3rd period - Stopped by Marek Mazanek without a rebound.
5:57 of 3rd period - Jonathan Marchessault wins face-off versus Jordan Schroeder in Eagles zone.
5:57 of 3rd period - Jonathan Marchessault is hit by Jordan Schroeder.
6:00 of 3rd period - Minor Penalty to Tomas Tatar for Hooking.
6:01 of 3rd period - Pius Suter wins face-off versus Christoph Bertschy in Eagles zone.
6:11 of 3rd period - Slapshot by Dmitry Sinitsyn.
6:11 of 3rd period - Stopped by Marek Mazanek with a rebound.
6:46 of 3rd period - Dylan Blujus is hit by Anthony Duclair and loses puck.
8:00 of 3rd period - Penalty to Tomas Tatar is over, Tomas Tatar is back on ice.
8:51 of 3rd period - Matteson Iacopelli is hit by William Bitten and loses puck.
9:10 of 3rd period - Christoph Bertschy is hit by Chris Calhan and loses puck.
9:17 of 3rd period - Tomas Jurco is hit by Michael Dal Colle and loses puck.
9:21 of 3rd period - Icing by Dylan Blujus.
9:22 of 3rd period - Christoph Bertschy wins face-off versus Tomas Tatar in Senators zone.
9:22 of 3rd period - Christoph Bertschy is hit by Stefan Elliott.
9:38 of 3rd period - Slapshot by Stefan Elliott.
9:38 of 3rd period - Stopped by Sami Aittokallio with a rebound.
9:40 of 3rd period - Slapshot by John Ramage.
9:40 of 3rd period - Shot Blocked by Jordan Schroeder.
10:04 of 3rd period - Snap shot by Chris Calhan.
10:04 of 3rd period - Shot Blocked by Scott Harrington.
10:39 of 3rd period - Off-side.
10:40 of 3rd period - Jonathan Marchessault wins face-off versus Kevin Rooney in neutral zone.
11:04 of 3rd period - Wrist shot by Tomas Tatar.
11:04 of 3rd period - Shot Blocked by Dmitry Sinitsyn.
11:22 of 3rd period - Slapshot by Keegan Lowe.
11:22 of 3rd period - Stopped by Marek Mazanek with a rebound.
11:24 of 3rd period - Slapshot by Keegan Lowe.
11:24 of 3rd period - Shot Misses the Net.
11:26 of 3rd period - Wrist shot by Dmitry Sinitsyn.
11:26 of 3rd period - Stopped by Marek Mazanek without a rebound.
11:27 of 3rd period - Drake Caggiula wins face-off versus Christoph Bertschy in Eagles zone.
11:27 of 3rd period - Drake Caggiula is hit by Jack Dougherty.
11:33 of 3rd period - Joseph Blandisi is hit by Christoph Bertschy and loses puck.
12:01 of 3rd period - Wrist shot by Anthony Duclair.
12:01 of 3rd period - Shot Misses the Net.
12:41 of 3rd period - Snap shot by Kevin Rooney.
12:41 of 3rd period - Stopped by Marek Mazanek with a rebound.
13:05 of 3rd period - Slapshot by Dmitry Sinitsyn.
13:05 of 3rd period - Deflect By Chandler Stephenson.
13:05 of 3rd period - Stopped by Marek Mazanek without a rebound.
13:06 of 3rd period - Jordan Schroeder wins face-off versus Jonathan Marchessault in Eagles zone.
13:09 of 3rd period - Snap shot by Oliver Bjorkstrand.
13:09 of 3rd period - Shot Misses the Net.
13:11 of 3rd period - Slapshot by Dylan Blujus.
13:11 of 3rd period - Stopped by Marek Mazanek with a rebound.
13:13 of 3rd period - Slapshot by Scott Harrington.
13:13 of 3rd period - Shot Misses the Net.
13:15 of 3rd period - Slapshot by Dylan Blujus.
13:15 of 3rd period - Shot Blocked by Stefan Elliott.
13:21 of 3rd period - Snap shot by Jordan Schroeder.
13:21 of 3rd period - Stopped by Marek Mazanek with a rebound.
14:16 of 3rd period - Mark Friedman is hit by Zemgus Girgensons and loses puck.
14:32 of 3rd period - Off-side.
14:33 of 3rd period - Jonathan Marchessault wins face-off versus Chandler Stephenson in neutral zone.
14:42 of 3rd period - Wrist shot by Tomas Tatar.
14:42 of 3rd period - Stopped by Sami Aittokallio with a rebound.
15:42 of 3rd period - Icing by Jack Dougherty.
15:43 of 3rd period - Kevin Rooney wins face-off versus Jared McCann in Senators zone.
15:43 of 3rd period - Kevin Rooney is hit by Anthony Duclair.
15:57 of 3rd period - Slapshot by Kevin Rooney.
15:57 of 3rd period - Shot Misses the Net.
15:59 of 3rd period - Wrist shot by Grant Besse.
15:59 of 3rd period - Shot Misses the Net.
16:01 of 3rd period - Snap shot by Joonas Lyytinen.
16:01 of 3rd period - Goal by Joonas Lyytinen - Senators : 3 - Eagles : 2.
16:02 of 3rd period - Christoph Bertschy wins face-off versus Jonathan Marchessault in neutral zone.
16:05 of 3rd period - Slapshot by Dmitry Sinitsyn.
16:05 of 3rd period - Shot Misses the Net.
16:46 of 3rd period - Slapshot by Stefan Elliott.
16:46 of 3rd period - Stopped by Sami Aittokallio with a rebound.
16:48 of 3rd period - Snap shot by Matteson Iacopelli.
16:48 of 3rd period - Shot Misses the Net.
17:10 of 3rd period - Snap shot by Chris Calhan.
17:10 of 3rd period - Shot Blocked by Zachary Sanford.
17:24 of 3rd period - Zemgus Girgensons is hit by Dmitrij Jaskin and loses puck.
17:41 of 3rd period - Icing by Grant Besse.
17:42 of 3rd period - Jared McCann wins face-off versus Kevin Rooney in Senators zone.
17:47 of 3rd period - Icing by Dmitry Sinitsyn.
17:48 of 3rd period - Jared McCann wins face-off versus Kevin Rooney in Senators zone.
18:01 of 3rd period - Icing by Anthony Duclair.
18:02 of 3rd period - Jared McCann wins face-off versus Zachary Sanford in Eagles zone.
18:04 of 3rd period - Icing by Anthony Duclair.
18:05 of 3rd period - Chandler Stephenson wins face-off versus Jared McCann in Eagles zone.
18:52 of 3rd period - Jordan Schroeder is hit by Jonathan Racine and loses puck.
18:55 of 3rd period - Eagles, Marek Mazanek is pulled from the net.
19:13 of 3rd period - Dylan Blujus is hit by Dmitrij Jaskin.
19:19 of 3rd period - Slapshot by Tomas Tatar.
19:19 of 3rd period - Deflect By Jonathan Marchessault.
19:19 of 3rd period - Stopped by Sami Aittokallio without a rebound.
19:20 of 3rd period - Joël Bouchard call a timeout for Eagles.
19:20 of 3rd period - Christoph Bertschy wins face-off versus Jonathan Marchessault in Senators zone.
Goals for this period are 1 for Senators vs 0 for Eagles.
Shots for this period are 11 for Senators vs 7 for Eagles.
Output by the SimonT Hockey Simulator (STHS) for Francois Prevost